[Event "*** Titled Tuesday Blitz"]
[Site "Chess.com"]
[Date "2021.03.02"]
[Round "11"]
[White "Agoking701"]
[Black "fridaywins"]
[Result "1-0"]
[WhiteElo "2237"]
[BlackElo "2133"]
[TimeControl "180+1"]
[EndTime "12:09:20 PST"]
[Termination "Agoking701 won by checkmate"]

1. g3 g6 2. Bg2 Bg7 3. Nf3 Nf6 4. c4 O-O 5. O-O d6 6. d4 c6 7. Nc3 Bf5 8. b3 Ne4 9. Bb2 Nxc3 10. Bxc3 Be4 11. Qd2 d5 12. Rfc1 e6 13. a4 Nd7 14.
Bb4 Re8 15. e3 Qf6 16. Ne1 Bxg2 17. Nxg2 e5 18. cxd5 cxd5 19. Rc7 exd4 20. exd4 Qxd4 21. Qxd4 Bxd4 22. Rd1 Ne5 23. Ne1 Bb6 24. Rxb7 Ng4 25. Nd3 Re2 26. Rf1 Rc8 27. a5 Bd4 28. h3 Nf6 29. Re1 Rxe1+ 30. Nxe1 Ne4 31. Nd3 Nxg3 32. Kg2 Nf5 33. a6 Bb6 34. Ne5 Rc2 35. Nd7 Rxf2+ 36.
Kg1 Ng3 37. Rb8+ Kg7 38. Bf8+ Kg8 39. Bh6+ Bd8 40. Rxd8# 1-0

[Event "*** Titled Tuesday Blitz"]
[Site "Chess.com"]
[Date "2021.03.02"]
[Round "11"]
[White "Matols"]
[Black "Jan1401"]
[Result "1-0"]
[WhiteElo "2285"]
[BlackElo "2348"]
[TimeControl "180+1"]
[EndTime "12:09:21 PST"]
[Termination "Matols won by resignation"]

1. d4 Nf6 2. c4 e5 3. dxe5 Ne4 4. Nf3 Nc6 5. e3 Bb4+ 6. Nbd2 Qe7 7. Bd3 Nxd2 8. Bxd2 Nxe5 9. Nxe5 Bxd2+ 10. Qxd2 Qxe5 11.
O-O O-O 12. Rfd1 d6 13. Rac1 b6 14. b3 Bb7 15. Bf1 a5 16. Qd4 Qh5 17. Qf4 Rae8 18.
Rd4 Re5 19. Rcd1 Rfe8 20. a3 Re4 21. Qg3 R4e6 22. Rg4 Rg6 23. Rxg6 hxg6 24. Rd4 Qc5 25. Rh4 Qxa3 26. Qh3 f5 27. c5 Qxc5 28. Rc4 Qe5 29. Rxc7 Re7 30. Rc1 d5 31. Qh4 Qe4 32. Qg5 Qb4 33.
Bd3 Qd6 34. h3 Qf6 35. Qg3 Kf7 36. Qb8 Qe5 37. Qd8 d4 38. exd4 Qd5 39. Bc4 Qxc4 40. bxc4 Be4 41. d5 1-0

[Event "*** Titled Tuesday Blitz"]
[Site "Chess.com"]
[Date "2021.03.02"]
[Round "11"]
[White "Schachspielerr"]
[Black "Grieve72"]
[Result "0-1"]
[WhiteElo "2655"]
[BlackElo "2545"]
[TimeControl "180+1"]
[EndTime "12:09:24 PST"]
[Termination "Grieve72 won by resignation"]

1. d4 d5 2. c4 e6 3. Nc3 c6 4. Nf3 dxc4 5. a4 Bb4 6. e4 b5 7. Bd2 a5 8. Be2 Ba6 9. O-O Nf6 10. e5 Nd5 11. Ne4 O-O 12. Bxb4 axb4 13. b3 Nd7 14.
Qc2 cxb3 15. Qxb3 bxa4 16. Qc2 b3 17. Qd2 Bxe2 18. Qxe2 a3 19. Qd3 Qb6 20. Rfb1 Rfb8 21. Neg5 Nf8 22. Nd2 b2 23. Rxa3 Rxa3 24. Qxa3 Qxd4 25.
Ngf3 Qc3 26. Qa7 Qc1+ 27. Ne1 Nc3 28. Rxc1 bxc1=Q 29. Nf3 Rb1 30. h4 Ne2+ 31. Kh1 Qc3 32. Kh2 Rxe1 33. Ng5 Qxe5+ 34. g3 Qf5 35. Qe3 Rf1 36.
Nh3 Nc1 37. Kg2 Rd1 38. Nf4 Rd8 39. h5 Nd3 40. Ne2 Ne5 41. f4 Ng4 42. Qb6 Qe4+ 43. Kh3 Rd2 44. Qb4 Qxb4 0-1

[Event "*** Titled Tuesday Blitz"]
[Site "Chess.com"]
[Date "2021.03.02"]
[Round "11"]
[White "exoticprincess"]
[Black "anon219"]
[Result "0-1"]
[WhiteElo "2968"]
[BlackElo "2870"]
[TimeControl "180+1"]
[EndTime "12:09:27 PST"]
[Termination "anon219 won by resignation"]

1. d4 d5 2. Nc3 Nf6 3. Bf4 a6 4. e3 e6 5. a3 c5 6. h3 Nc6 7. Nf3 Bd6 8. dxc5 Bxc5 9. Bd3 Bd6 10. O-O O-O 11. Re1 Bc7 12. Bxc7 Qxc7 13. e4 d4 14. e5 Nxe5 15. Nxd4 Rd8 16. Ndb5 axb5 17. Nxb5 Qc5 18. b4 Rxd3 19. bxc5 Rxd1 20. Raxd1 Nc6 21. Nd6 Kf8 22. Re3 Bd7 23. Nxb7 Nd5 24. Rb3 Ne5 25. Nd6 Ba4 26. Rb7 Bc6 27. Rb3 Ba4 28. Rb2 Nd7 29. Ne4 f5 30. Ng5 Ke7 31. Nxh7 Nxc5 32. Ng5 Bc6 33. g3 Rxa3 34. Re1 Kf6 35. h4 Ne4 36.
Nf3 Rxf3 37. c4 Ne7 38. Rc1 g5 39. h5 f4 40. g4 Rh3 41. Kg2 Nxf2+ 0-1

[Event "*** Titled Tuesday Blitz"]
[Site "Chess.com"]
[Date "2021.03.02"]
[Round "11"]
[White "wannabe2700"]
[Black "Iskusnyh"]
[Result "0-1"]
[WhiteElo "2703"]
[BlackElo "2624"]
[TimeControl "180+1"]
[EndTime "12:09:27 PST"]
[Termination "Iskusnyh won by checkmate"]

1. b3 d5 2. Bb2 Bf5 3. e3 e6 4. f4 Nf6 5. Nf3 Be7 6. Be2 O-O 7. O-O c5 8. Ne5 Nfd7 9. g4 Bg6 10. f5 Nxe5 11.
Bxe5 Bf6 12. Bxb8 Bxa1 13. Bg3 Bf6 14. fxg6 fxg6 15. d3 Qe7 16. Nd2 Bg5 17. Bf4 e5 18. Bxg5 Qxg5 19. e4 Rxf1+ 20. Nxf1 d4 21. a4 Rf8 22.
Qe1 h5 23. h4 Qf6 24. gxh5 gxh5 25. Bxh5 Qh6 26. Bg4 Rf4 27. Qg3 Qg6 28. Bf3 Qxg3+ 29. Nxg3 Rxf3 30. Kg2 Rf4 31. h5 Kf7 32. Ne2 Rg4+ 33.
Kf3 Rg5 34. Ng3 Kf6 35. Kf2 Rxg3 36. Kxg3 Kg5 37. h6 gxh6 38. Kf3 h5 39. Kg3 h4+ 40. Kh3 a5 41. Kg2 Kg4 42. Kh2 h3 43. Kg1 Kg3 44.
Kh1 h2 45. b4 cxb4 46. c4 dxc3 47. d4 c2 48. d5 c1=Q# 0-1

[Event "*** Titled Tuesday Blitz"]
[Site "Chess.com"]
[Date "2021.03.02"]
[Round "11"]
[White "TimKett"]
[Black "marvinguevara"]
[Result "0-1"]
[WhiteElo "2167"]
[BlackElo "2117"]
[TimeControl "180+1"]
[EndTime "12:09:27 PST"]
[Termination "marvinguevara won on time"]

1. e4 c5 2. Nf3 Nc6 3. d4 cxd4 4. Nxd4 e5 5. Nb5 a6 6. Nd6+ Bxd6 7. Qxd6 Qf6 8. Qd1 Qg6 9. Nc3 Nge7 10. g3 d5 11. Bg2 d4 12. Nd5 Nxd5 13. exd5 Nb4 14. O-O Nxc2 15. Qe2 O-O 16. Be4 Bf5 17. Bxc2 Bxc2 18. Qxe5 d3 19. Bd2 Rfd8 20. Rfe1 Qd6 21. Bc3 Qxe5 22. Rxe5 f6 23. Re7 Rxd5 24. Bd2 Re5 25.
Rxe5 fxe5 26. Re1 Re8 27. Re4 Kf7 28. f4 Kf6 29. Bc3 Kf5 30. Rxe5+ Rxe5 31. fxe5 b5 32.
a3 a5 33. Kf2 b4 34. axb4 axb4 35. Bxb4 Kxe5 36. Ke3 g6 37. Bc3+ Kf5 38. h3 h5 39. b4 Ke6 40. Kf4 Kd5 41. Kg5 Kc4 42. Bd2 Bd1 43. Kxg6 Be2 44. Kg5 Kb3 45. b5 Bf3 0-1

[Event "*** Titled Tuesday Blitz"]
[Site "Chess.com"]
[Date "2021.03.02"]
[Round "11"]
[White "Aslanov_Umid"]
[Black "Bodnar_Mykola"]
[Result "1-0"]
[WhiteElo "2414"]
[BlackElo "2481"]
[TimeControl "180+1"]
[EndTime "12:09:28 PST"]
[Termination "Aslanov_Umid won by checkmate"]

1. e4 e5 2. Nf3 Nc6 3. Bc4 Bc5 4. c3 Nf6 5. d4 exd4 6. e5 d5 7. Bb5 Ne4 8. cxd4 Bb4+ 9. Bd2 Be7 10. O-O O-O 11.
Be3 Bg4 12. h3 Bh5 13. Nc3 f6 14. Be2 Nxc3 15. bxc3 fxe5 16. Nxe5 Bxe2 17. Qxe2 Nxe5 18. dxe5 c6 19. Qg4 Qc8 20. f4 g6 21. g3 Kg7 22.
Kg2 Qf5 23. Qxf5 gxf5 24. g4 Kg6 25. a4 h5 26. g5 Kf7 27. a5 Ke6 28. Rab1 Rfb8 29.
Kg3 Bd8 30. Ra1 b6 31. axb6 axb6 32. Kh4 Bc7 33. Rfb1 c5 34. Rxa8 Rxa8 35. Rd1 Ra3 36. g6 Rxc3 37. g7 Kf7 38. Rxd5 Kxg7 39. Bd2 Rc2 40. Kg5 c4 41. Rd7+ Kf8 42. Bb4+ Ke8 43.
Rxc7 Kd8 44. Bd6 b5 45. e6 Re2 46. Kf6 b4 47. Rb7 b3 48. Rb8# 1-0

[Event "*** Titled Tuesday Blitz"]
[Site "Chess.com"]
[Date "2021.03.02"]
[Round "11"]
[White "GLeruste"]
[Black "Alex-11211"]
[Result "1-0"]
[WhiteElo "2485"]
[BlackElo "2383"]
[TimeControl "180+1"]
[EndTime "12:09:29 PST"]
[Termination "GLeruste won by checkmate"]

1. d4 Nf6 2. Nc3 d5 3. Bf4 e6 4.
e3 a6 5. Nf3 Be7 6. Bd3 Nbd7 7.
Ne5 Nxe5 8. dxe5 Nd7 9. h4 c5 10. Qg4 Bf8 11. O-O-O b5 12. h5 Bb7 13. h6 g6 14. Be2 Qa5 15. Bf3 O-O-O 16. Kb1 Be7 17. e4 d4 18. Nd5 exd5 19. exd5 f5 20. exf6 Bxf6 21. Rhe1 Rhe8 22. Re6 Bh8 23. Bg5 Rxe6 24. dxe6 Bxf3 25. exd7+ Rxd7 26. Qxf3 Kc7 27. Bf4+ Kb6 28.
Qa8 Rb7 29. Qd8+ Ka7 30. Qxa5 Bf6 31. Bc1 b4 32. Qa4 Be7 33. Qc6 a5 34. Re1 Bd8 35. Re6 Bb6 36. Qb5 a4 37. Qxa4+ Kb8 38. Qc6 Ka7 39.
Re8 d3 40. Qa4+ Ba5 41. Qxa5# 1-0

[Event "*** Titled Tuesday Blitz"]
[Site "Chess.com"]
[Date "2021.03.02"]
[Round "11"]
[White "krzyzan94"]
[Black "MatyChess1"]
[Result "0-1"]
[WhiteElo "2706"]
[BlackElo "2625"]
[TimeControl "180+1"]
[EndTime "12:09:30 PST"]
[Termination "MatyChess1 won on time"]

1. c4 e6 2. g3 d5 3. Bg2 Nf6 4.
Nf3 dxc4 5. Qa4+ Nbd7 6. O-O a6 7. Qxc4 b5 8. Qc2 Bb7 9. d3 c5 10. a4 Be7 11. Na3 Qb6 12. e4 O-O 13. Be3 Rac8 14.
Qb3 Bc6 15. axb5 axb5 16. Rfc1 Qb7 17. h3 c4 18. dxc4 b4 19. Nc2 Bxe4 20. Ra7 Qb8 21. Ra5 Qb7 22. Rb5 Qa8 23. Nfe1 Bxg2 24. Nxg2 Qe4 25.
Nxb4 Ne5 26. c5 g5 27. Qc2 Nf3+ 28. Kh1 Rb8 29. Qxe4 Nxe4 30. Rxb8 Rxb8 31. Nc6 Rxb2 32. Nxe7+ Kf8 33. c6 Rxf2 34. Nf5 exf5 35. Bc5+ Kg8 36. Bd6 f4 37. Bxf4 gxf4 0-1

[Event "*** Titled Tuesday Blitz"]
[Site "Chess.com"]
[Date "2021.03.02"]
[Round "11"]
[White "woodhy"]
[Black "heyjohnnypark"]
[Result "0-1"]
[WhiteElo "2473"]
[BlackElo "2615"]
[TimeControl "180+1"]
[EndTime "12:09:31 PST"]
[Termination "heyjohnnypark won by resignation"]

1. e4 c5 2. Nf3 Nf6 3. Nc3 d5 4. exd5 Nxd5 5. Bb5+ Bd7 6. Bxd7+ Qxd7 7. O-O Nxc3 8. dxc3 Qxd1 9. Rxd1 e6 10. Ne5 f6 11.
Nc4 Nc6 12. Be3 Rd8 13. a4 Be7 14. Kf1 Kf7 15. Ke2 e5 16. f3 Ke6 17. Na3 f5 18. Nb5 f4 19. Bf2 Kf5 20. Nc7 g5 21. Rd5 Rxd5 22.
Nxd5 Bd6 23. Rd1 Rd8 24. c4 Nd4+ 25. Kd3 Bf8 26. c3 Ne6 27. g4+ fxg3 28. hxg3 h5 29. Ke2 Bd6 30. Rh1 Kg6 31. Be3 Ng7 32. b4 Nf5 33. Bf2 Rc8 34. b5 g4 35. a5 e4 36.
fxe4 Re8 37. Kd3 Nxg3 38. Bxg3 Bxg3 39. Ne3 Kg5 40. Nf5 h4 41. Ke3 Bf4+ 42. Ke2 Rxe4+ 43. Kd3 Kxf5 44. Rxh4 Re3+ 45. Kc2 Rh3 46. Rxh3 gxh3 0-1

[Event "*** Titled Tuesday Blitz"]
[Site "Chess.com"]
[Date "2021.03.02"]
[Round "11"]
[White "Mr_Sinigami"]
[Black "ChainsOfFantasia"]
[Result "0-1"]
[WhiteElo "2611"]
[BlackElo "2479"]
[TimeControl "180+1"]
[EndTime "12:09:32 PST"]
[Termination "ChainsOfFantasia won on time"]

1. d4 Nf6 2. Nf3 d5 3. Bf4 c5 4. e3 Nc6 5. Nbd2 cxd4 6. exd4 Bf5 7. c3 e6 8. Be2 Bd6 9. Bg3 Bxg3 10. hxg3 O-O 11.
O-O h6 12. b4 Rc8 13. a4 Nb8 14. Qb3 Nbd7 15. a5 Ne4 16. Rfc1 Bg4 17. Qb2 Nxd2 18. Qxd2 Bxf3 19. gxf3 Qe7 20. f4 Rc7 21. Bd3 Rfc8 22. Kg2 Nf6 23. Qe1 Ne8 24. Rc2 Nd6 25. Rac1 Qf6 26.
f3 Nc4 27. Bxc4 Rxc4 28. Qe3 Qf5 29. g4 Qg6 30. Re2 Qf6 31. Kg3 R8c7 32. Qd2 Qd8 33. Re3 Qc8 34. f5 exf5 35. Rce1 Qd7 36. Re8+ Kh7 37. Qf4 fxg4 38. R1e7 Qxe7 39. Rxe7 Rxe7 40. Kxg4 g6 41. Qd6 Rec7 42. Qxd5 Rxc3 43. Qe5 Rd7 0-1

[Event "*** Titled Tuesday Blitz"]
[Site "Chess.com"]
[Date "2021.03.02"]
[Round "11"]
[White "davidkalashian"]
[Black "Margency"]
[Result "1-0"]
[WhiteElo "2611"]
[BlackElo "2693"]
[TimeControl "180+1"]
[EndTime "12:09:33 PST"]
[Termination "davidkalashian won by resignation"]

1. d4 Nf6 2. c4 g6 3. Nc3 d5 4.
Bf4 Bg7 5. e3 O-O 6. Rc1 dxc4 7.
Bxc4 c5 8. Nf3 cxd4 9. exd4 Nc6 10. O-O Bg4 11. d5 Bxf3 12. Qxf3 Nd4 13. Qd3 Nf5 14.
Rfe1 Rc8 15. Bb3 Qb6 16. h3 h5 17. Qb5 Qxb5 18. Nxb5 a6 19. Nc3 Rfd8 20. Kf1 Kf8 21. Na4 Rxc1 22. Rxc1 Nxd5 23. Bxd5 e5 24. Bg5 f6 25. Bxb7 fxg5 26. Rc7 a5 27. Nc5 Rd1+ 28.
Ke2 Rb1 29. Ne6+ Kg8 30. Bd5 Rxb2+ 31. Kd3 Kh8 32. g4 e4+ 33. Bxe4 hxg4 34. hxg4 Rxf2 35.
gxf5 gxf5 36. Nxg7 fxe4+ 37. Kxe4 Rf4+ 38. Ke5 Ra4 39. Kf6 g4 40. Kg6 1-0

[Event "*** Titled Tuesday Blitz"]
[Site "Chess.com"]
[Date "2021.03.02"]
[Round "11"]
[White "Na_binci"]
[Black "Bongcloudtransvestit"]
[Result "1-0"]
[WhiteElo "2163"]
[BlackElo "2229"]
[TimeControl "180+1"]
[EndTime "12:09:33 PST"]
[Termination "Na_binci won by checkmate"]

1. d4 Nf6 2. c4 e6 3. Nf3 b6 4.
a3 Bb7 5. Nc3 d6 6. Qc2 Nbd7 7. e4 e5 8. d5 a5 9. Be2 Nc5 10. b3 g6 11. O-O Bg7 12. Rb1 O-O 13. b4 Ncd7 14. Ne1 c6 15. dxc6 Bxc6 16. Be3 axb4 17.
axb4 Qe7 18. f3 Nh5 19. Nd3 f5 20. b5 Bb7 21. Nb4 fxe4 22. Nxe4 Nf4 23. Nc6 Bxc6 24. bxc6 Nc5 25. Rxb6 Nxe4 26. fxe4 Qg5 27. Bxf4 exf4 28.
Rb5 Qh4 29. Bf3 Rfc8 30. Qd3 Qe7 31. Qd5+ Kh8 32. Bg4 Rc7 33. Bd7 Be5 34. Rb7 Qd8 35. Rfb1 Kg7 36. Rxc7 Qxc7 37. Rb7 Qd8 38. Bg4+ Kh6 39.
Qf7 Ra1+ 40. Kf2 f3 41. Qxh7+ Kg5 42. Bxf3 Bd4+ 43. Kg3 Qf8 44. Qh4# 1-0

[Event "*** Titled Tuesday Blitz"]
[Site "Chess.com"]
[Date "2021.03.02"]
[Round "11"]
[White "frazier69"]
[Black "eCztery"]
[Result "0-1"]
[WhiteElo "2557"]
[BlackElo "2421"]
[TimeControl "180+1"]
[EndTime "12:09:34 PST"]
[Termination "eCztery won on time"]

1. e4 c5 2. Nf3 g6 3. d4 cxd4 4. Nxd4 Nf6 5. Nc3 Nc6 6. Nxc6 bxc6 7. e5 Ng8 8. Bc4 Bg7 9. Bf4 Qa5 10. O-O Nh6 11.
Re1 O-O 12. Qd2 Ng4 13. Qe2 h5 14. h3 Nh6 15. Qd2 Kh7 16. Ne4 Qxd2 17. Ng5+ Kh8 18. Bxd2 d5 19. exd6 exd6 20. c3 d5 21. Bf1 Rb8 22.
b3 Nf5 23. Bd3 Bd7 24. Bxf5 Bxf5 25. Re7 Kg8 26. Rxa7 Rbe8 27. Bf4 Bxc3 28. Rc1 d4 29. Bd6 d3 30. Nf3 d2 31. Nxd2 Bxd2 32. Rd1 Bg5 33. Bxf8 Kxf8 34. Rc7 Be4 35. Re1 Bd2 36. Re2 Bf4 37. Rb7 Rd8 38. Re1 c5 0-1

[Event "*** Titled Tuesday Blitz"]
[Site "Chess.com"]
[Date "2021.03.02"]
[Round "11"]
[White "Lyschko"]
[Black "NaciSAN"]
[Result "1-0"]
[WhiteElo "2204"]
[BlackElo "2283"]
[TimeControl "180+1"]
[EndTime "12:09:35 PST"]
[Termination "Lyschko won on time"]

1. c4 Nf6 2. Nc3 g6 3. g3 Bg7 4.
Bg2 O-O 5. e4 d6 6. Nge2 c5 7.
O-O Nc6 8. d3 e6 9. h3 Bd7 10. Be3 Rc8 11. Qd2 Ne8 12. d4 cxd4 13. Nxd4 Nxd4 14. Bxd4 Rxc4 15. Bxg7 Kxg7 16. Rad1 Qc7 17.
h4 h5 18. Kh2 Bc6 19. f4 b5 20. a3 a6 21. f5 exf5 22. exf5 Bxg2 23. Kxg2 Qc6+ 24.
Kh2 Rc5 25. fxg6 Nf6 26. Rxf6 Kxf6 27. Qh6 Rxc3 28. g7+ Ke5 29. Qf4+ Ke6 30. Re1+ Kd7 31. Qf5+ Kc7 32. gxf8=Q Rc2+ 33. Qxc2 Qxc2+ 34. Kh1 Qc6+ 35. Kg1 Qc5+ 36. Kf1 Qc4+ 37. Re2 Qc1+ 38. Kf2 Qc5+ 39. Kg2 Qd5+ 40. Kh2 1-0

[Event "*** Titled Tuesday Blitz"]
[Site "Chess.com"]
[Date "2021.03.02"]
[Round "11"]
[White "Jungle_Jaguar"]
[Black "JulianProleiko"]
[Result "1-0"]
[WhiteElo "2607"]
[BlackElo "2444"]
[TimeControl "180+1"]
[EndTime "12:09:36 PST"]
[Termination "Jungle_Jaguar won on time"]

1. e4 c5 2. Nf3 d6 3. d4 cxd4 4.
Nxd4 Nf6 5. Nc3 a6 6. Be3 e5 7. Nb3 Be6 8. f3 h5 9. Qd2 Nbd7 10. O-O-O Rc8 11. Nd5 Bxd5 12. exd5 Nb6 13. Qa5 Nc4 14. Qxd8+ Kxd8 15. Bxc4 Rxc4 16. Na5 Rb4 17. a3 Ra4 18.
Nxb7+ Kc7 19. b3 Rh4 20. Na5 g6 21. Bf2 Rf4 22. c3 Rf5 23. Nc4 e4 24. Bb6+ Kb7 25.
fxe4 Nxe4 26. Rdf1 Nxc3 27. Rxf5 gxf5 28. Rf1 Nxd5 29.
Bd4 Bh6+ 30. Kb1 Rg8 31. Rxf5 Nf4 32. Nxd6+ Kc6 33. Nxf7 Ne2 34. Nxh6 Rxg2 35. Bb2 Rxh2 36. Rf6+ Kb5 37. Nf5 h4 38. a4+ Kb4 39. Rb6+ Kc5 40. Rxa6 h3 41. Rh6 1-0

[Event "*** Titled Tuesday Blitz"]
[Site "Chess.com"]
[Date "2021.03.02"]
[Round "11"]
[White "dhaessel"]
[Black "VladaSviridova"]
[Result "0-1"]
[WhiteElo "1969"]
[BlackElo "2223"]
[TimeControl "180+1"]
[EndTime "12:09:36 PST"]
[Termination "VladaSviridova won on time"]

1. d4 d5 2. c4 c6 3. Nc3 Nf6 4. e3 e6 5. Nf3 Nbd7 6. Qc2 Bd6 7.
b3 O-O 8. Bb2 e5 9. dxe5 Nxe5 10. Nxe5 Bxe5 11. Be2 dxc4 12. Bxc4 Qe7 13. O-O b5 14.
Be2 Bb7 15. Bf3 a6 16. Rac1 c5 17. Bxb7 Qxb7 18. Ne4 Bxb2 19. Nxc5 Qd5 20. Qxb2 Rfc8 21. Rfd1 Qf5 22. b4 Ng4 23. h3 Ne5 24. Rd5 Nf3+ 25. gxf3 Qxd5 26. f4 a5 27. a3 axb4 28.
axb4 Qf3 29. Qd2 Qxh3 30. Qd3 Qg4+ 31. Kh2 h5 32. Qxb5 Qh4+ 33. Kg2 Qg4+ 34. Kf1 Qf3 35. Qd3 Qh1+ 36. Ke2 Qxc1 37. Qf5 Ra2+ 38. Kf3 Rf8 39. Nd7 Qh1+ 40. Kg3 h4+ 0-1

[Event "*** Titled Tuesday Blitz"]
[Site "Chess.com"]
[Date "2021.03.02"]
[Round "11"]
[White "jordanasoul"]
[Black "akanga001"]
[Result "1-0"]
[WhiteElo "2171"]
[BlackElo "1965"]
[TimeControl "180+1"]
[EndTime "12:09:37 PST"]
[Termination "jordanasoul won on time"]

1. e4 c6 2. d4 d5 3. Nd2 dxe4 4. Nxe4 Nf6 5. Nxf6+ gxf6 6. Nf3 Bg4 7. Be2 Qd5 8. c4 Qe4 9. O-O e6 10. Re1 Qg6 11.
Kh1 Qh5 12. d5 cxd5 13. cxd5 Qxd5 14. Qxd5 exd5 15. Bb5+ Kd8 16. Re8+ Kc7 17. Bf4+ Kb6 18. a4 a6 19. Bd3 Bd6 20. Rxh8 Bxf4 21. Nd4 Ka7 22.
Nb5+ Kb6 23. a5+ Kc6 24. Nd4+ Kc5 25. Nb3+ Kb4 26. Ra3 Be5 27. Nc1 Bd1 28. Na2+ Kc5 29. b4+ Kd4 30. Bxh7 f5 31. Bxf5 Bxh8 32. g4 Bf3+ 33.
Rxf3 Ke5 34. h4 Nc6 35. h5 Nd4 36. Re3+ Kf4 37. Bd7 Rd8 38. Re7 Bf6 39. Rxf7 Kg5 40. f4+ Kxf4 41. Rxf6+ Ke5 42. Rf7 Nc2 43. Bf5 Nxb4 44.
Nxb4 d4 45. h6 d3 46. Nxd3+ 1-0

[Event "*** Titled Tuesday Blitz"]
[Site "Chess.com"]
[Date "2021.03.02"]
[Round "11"]
[White "anon102030"]
[Black "chigorin28"]
[Result "1-0"]
[WhiteElo "2708"]
[BlackElo "2534"]
[TimeControl "180+1"]
[EndTime "12:09:39 PST"]
[Termination "anon102030 won by checkmate"]

1. e4 e6 2. d3 d5 3. Nd2 c5 4. g3 Nc6 5. Bg2 Nf6 6. Ngf3 Bd6 7. Qe2 Qc7 8. O-O O-O 9. b3 e5 10. exd5 Nxd5 11. Bb2 Bg4 12. h3 Bh5 13. g4 Bg6 14.
Nc4 Nf4 15. Qd2 f6 16. Nh4 Be7 17. Ne3 Rad8 18. Nef5 Bxf5 19. Nxf5 g6 20. Ng3 Nd4 21. Rfe1 Nxh3+ 22. Kf1 Nf4 23. Bxd4 cxd4 24. Be4 Rc8 25. Red1 a5 26. a3 b5 27. b4 a4 28. Rdc1 Qd7 29. Qd1 f5 30. gxf5 gxf5 31. Bf3 Bg5 32. Rcb1 Rce8 33. Nh5 Nxh5 34. Bxh5 Re6 35. Qf3 Rh6 36.
Kg2 Bf4 37. Rh1 Kh8 38. Rag1 Qe7 39. Kf1 Bg5 40. Qd5 Bf6 41. Bf3 Rxh1 42. Rxh1 Re8 43. Rh6 e4 44. dxe4 fxe4 45. Bxe4 Bg7 46. Rxh7# 1-0

[Event "*** Titled Tuesday Blitz"]
[Site "Chess.com"]
[Date "2021.03.02"]
[Round "11"]
[White "WiktoriaPOL"]
[Black "dodorox"]
[Result "1-0"]
[WhiteElo "2038"]
[BlackElo "2124"]
[TimeControl "180+1"]
[EndTime "12:09:39 PST"]
[Termination "WiktoriaPOL won on time"]

1. e4 e6 2. d4 d5 3. e5 c5 4. c3 Nc6 5. Nf3 Qb6 6. Bd3 cxd4 7. cxd4 Bd7 8. O-O Nxd4 9. Nbd2 Ne7 10. Nxd4 Qxd4 11. Nf3 Qg4 12. h3 Qh5 13. Kh2 f5 14.
exf6 gxf6 15. g4 Qf7 16. g5 Bg7 17. Qb3 O-O 18. Qc2 f5 19. Bf4 Ng6 20. Bd6 Rfc8 21. Qb3 e5 22. Bb5 Bxb5 23. Qxb5 Rc6 24. Bb4 e4 25. Nd2 Be5+ 26. Kg1 Nf4 27. f3 Nxh3+ 28. Kg2 Nf4+ 29. Kf2 Bd4+ 30. Ke1 e3 31. Nb3 Bb6 32. Nc1 Rac8 33. Kd1 e2+ 34. Nxe2 Nxe2 35. Qxe2 Re8 36. Qd3 Re3 37. Qd2 Rce6 38. Rc1 Re8 39. Re1 1-0

[Event "*** Titled Tuesday Blitz"]
[Site "Chess.com"]
[Date "2021.03.02"]
[Round "11"]
[White "Ajedrez_con_German"]
[Black "zimmm36"]
[Result "1-0"]
[WhiteElo "2575"]
[BlackElo "2360"]
[TimeControl "180+1"]
[EndTime "12:09:43 PST"]
[Termination "Ajedrez_con_German won by checkmate"]

1. b3 Nf6 2. Bb2 g6 3. e3 Bg7 4. Nf3 O-O 5. Be2 d6 6. d4 Nbd7 7. O-O e5 8. dxe5 Ng4 9. c4 Ngxe5 10. Nxe5 Nxe5 11. Nc3 Be6 12. Rc1 a5 13. Qd2 Re8 14. Rfd1 Qh4 15. Nd5 Rac8 16. Nf4 Bd7 17. Nd5 a4 18. b4 Bg4 19. Bxg4 Nxg4 20. h3 Ne5 21. Qe2 f5 22. f4 Nd7 23. Bxg7 Kxg7 24. Qb2+ Nf6 25. Kh2 Kf7 26. g3 Ng4+ 27. Kg2 Qe7 28. Nxe7 Nxe3+ 29. Kf3 Nxd1 30. Rxd1 Rxe7 31. c5 Rce8 32. Rd2 d5 33. b5 c6 34. bxc6 bxc6 35. Kf2 Re3 36. Qb7+ Kg8 37. Qxc6 d4 38. Qd5+ Kg7 39.
Qxd4+ Kh6 40. Qxe3 Rxe3 41. Kxe3 a3 42. c6 Kh5 43. c7 h6 44. g4+ Kh4 45. gxf5 gxf5 46. c8=Q h5 47. Qd8+ Kg3 48. Rg2+ Kxg2 49. Qg5+ Kf1 50.
Qxf5 h4 51. Qh5 Kg1 52. Qxh4 Kh2 53. Qg4 Kh1 54. h4 Kh2 55. h5 Kh1 56. h6 Kh2 57.
h7 Kh1 58. h8=Q# 1-0

[Event "*** Titled Tuesday Blitz"]
[Site "Chess.com"]
[Date "2021.03.02"]
[Round "11"]
[White "paulrusan"]
[Black "AliKa2810"]
[Result "1-0"]
[WhiteElo "2375"]
[BlackElo "2550"]
[TimeControl "180+1"]
[EndTime "12:09:44 PST"]
[Termination "paulrusan won by resignation"]

1. e4 e6 2. Nf3 d5 3. e5 c5 4. b4 cxb4 5. a3 Nc6 6. axb4 Bxb4 7. c3 Be7 8. d4 f5 9. Bd3 Nh6 10. h3 Nf7 11. g4 Qb6 12. gxf5 exf5 13. Rg1 g6 14. h4 Be6 15. h5 O-O-O 16. Ke2 g5 17. Nxg5 Nxg5 18. Bxg5 Bxg5 19. Rxg5 Qb2+ 20. Nd2 Qxc3 21.
Rc1 Qxd4 22. Nf3 Qb2+ 23. Rc2 Qb4 24. Qc1 Kb8 25. Rb2 Qa4 26. Qc5 Ka8 27. Rg7 Rd7 28. Rxd7 Bxd7 29. Qxd5 Rd8 30. e6 Bxe6 31. Qxe6 Nd4+ 32.
Nxd4 Re8 33. Bxf5 Rxe6+ 34. Nxe6 a5 35. f3 Qc4+ 36. Kf2 a4 37. Be4 Kb8 38. Rxb7+ Kc8 39.
Rc7+ Qxc7 40. Nxc7 Kxc7 41. Bxh7 Kd6 42. Be4 Ke5 43.
h6 Kf6 44. h7 Kg7 45. Ke3 a3 46. Bb1 Kh8 47. Kd2 Kg7 48. Kc3 1-0

[Event "*** Titled Tuesday Blitz"]
[Site "Chess.com"]
[Date "2021.03.02"]
[Round "11"]
[White "bogcsab"]
[Black "CraiggoryC"]
[Result "1-0"]
[WhiteElo "2173"]
[BlackElo "2248"]
[TimeControl "180+1"]
[EndTime "12:09:44 PST"]
[Termination "bogcsab won by checkmate"]

1. d4 Nf6 2. c4 g6 3. Nc3 Bg7 4. e4 O-O 5. f3 c5 6. Nge2 d6 7. Be3 cxd4 8. Nxd4 Nbd7 9. Be2 a6 10.
O-O Re8 11. Qd2 b6 12. Nd5 Bb7 13. Rac1 Rc8 14. b3 e6 15. Nxf6+ Nxf6 16. Rfd1 d5 17. e5 Nd7 18. f4 Nc5 19. Bf3 dxc4 20. Rxc4 Bxf3 21.
Nxf3 Qxd2 22. Rxd2 Bf8 23. b4 Na4 24. Rdc2 Rxc4 25.
Rxc4 b5 26. Rc6 Bxb4 27. Rxa6 Rc8 28. Nd4 Bc5 29. Nc2 Bxe3+ 30. Nxe3 Rc1+ 31. Kf2 Ra1 32. Ra8+ Kg7 33. Rb8 Rxa2+ 34. Kf3 Rb2 35. g4 Nc3 36. f5 gxf5 37. gxf5 Nd5 38. f6+ Nxf6 39. exf6+ Kxf6 40. Rb7 b4 41. Ke4 Rxh2 42. Ng4+ Kg5 43. Nxh2 f5+ 44. Ke5 h5 45. Rxb4 h4 46. Nf3+ Kh5 47. Rxh4+ Kg6 48.
Kxe6 f4 49. Rxf4 Kg7 50. Ne5 Kh8 51. Kf7 Kh7 52. Rh4# 1-0

[Event "*** Titled Tuesday Blitz"]
[Site "Chess.com"]
[Date "2021.03.02"]
[Round "11"]
[White "annamaja"]
[Black "mjray79"]
[Result "1-0"]
[WhiteElo "2396"]
[BlackElo "2455"]
[TimeControl "180+1"]
[EndTime "12:09:46 PST"]
[Termination "annamaja won by checkmate"]

1. e4 e5 2. Nf3 Nc6 3. Bc4 Bc5 4. d3 Nf6 5. O-O O-O 6. c3 d5 7. exd5 Nxd5 8. Bg5 f6 9. Bh4 Be6 10. Nbd2 Bf7 11. Ne4 Be7 12. Bb3 Kh8 13. Re1 Qd7 14. Bg3 Rad8 15. d4 exd4 16. Nxd4 Ne5 17. f4 Ng6 18. f5 Ne5 19. Qe2 c5 20. Ne6 Bxe6 21.
fxe6 Qxe6 22. Rad1 Qc6 23. Bxe5 fxe5 24. Qh5 Nf4 25.
Qxe5 Ng6 26. Qe6 Qc7 27. Rxd8 Rxd8 28. Ng3 Rf8 29. Bc2 Bf6 30. Bxg6 hxg6 31. Re3 Qf4 32. Ne2 Qh6 33. Rh3 Bh4 34. g3 g5 35. Qxh6+ gxh6 36. gxh4 g4 37. Re3 h5 38. Ng3 Rd8 39. Re2 Rd1+ 40. Kg2 Ra1 41. a3 Kg7 42. Nxh5+ Kg6 43. Ng3 Rc1 44. h5+ Kg5 45. Re5+ Kh4 46. h6 Rc2+ 47.
Ne2 g3 48. hxg3+ Kg4 49. h7 c4 50. h8=Q Rxb2 51. Qh4# 1-0